[ PARTIDA AOE2 · #494484920 ]
UnrankedJaponeses vs Maya
Equipo del jugador · DERR
Equipo rival · VICT
[ ANÁLISIS DE REPETICIÓN · EXTRAÍDO DE LA PARTIDA GRABADA ]
Feudal
9:42
Castillos
21:26
Imperial
41:55
| APM promedio | 55.5 |
| APM pico | 111 |
| eAPM promedio | 23.0 |
| Aldeanos / militares | 88 / 69 |
Foco
⚔️ 31.2% · 🌾 68.8%
Cavalry Archer ×43 · Archer ×9 · Fishing Ship ×9 · Knight ×6 · Militia ×5 · Unknown (2626) ×4
Feudal
9:48
Castillos
19:25
Imperial
39:21
| APM promedio | 59.1 |
| APM pico | 107 |
| eAPM promedio | 30.5 |
| Aldeanos / militares | 123 / 179 |
Foco
⚔️ 31.9% · 🌾 68.1%
Eagle Scout ×150 · Fishing Ship ×20 · Mangonel ×13 · Monk ×5 · Archer ×4 · Galley ×2
Mapa de la partida
Recursos iniciales + cada clic de construcción. Líneas = muros · curvas = relieve. ◆ oro · ⬟ piedra · ● bayas · ✦ reliquia · ◌ hueco del cierre
Tu base· Abierta — flanco sin cerrar
Base de Dudulastar· Abierta — hueco de 5t
Terreno inicial suavizado · ◌ = hueco del cierre detectado · pasá el cursor para detalles
Inputs por minuto
— VNS__Pan - - Dudulastar
Build order — VNS__Pan
Primeras 150 de 306 acciones detectadas
| 0:02 | Crear | Villager (Male) |
| 0:02 | Crear | Villager (Male) |
| 0:02 | Crear | Villager (Male) |
| 0:03 | Crear | Villager (Male) |
| 0:04 | Construir | House |
| 0:05 | Construir | House |
| 1:28 | Crear | Villager (Male) |
| 1:52 | Construir | Lumber Camp |
| 2:03 | Crear | Villager (Male) |
| 2:04 | Crear | Villager (Male) |
| 2:18 | Crear | Villager (Male) |
| 2:19 | Crear | Villager (Male) |
| 2:53 | Crear | Villager (Male) |
| 2:53 | Crear | Villager (Male) |
| 2:53 | Crear | Villager (Male) |
| 2:54 | Crear | Villager (Male) |
| 3:16 | Crear | Villager (Male) |
| 3:17 | Crear | Villager (Male) |
| 3:17 | Crear | Villager (Male) |
| 3:29 | Crear | Villager (Male) |
| 3:30 | Crear | Villager (Male) |
| 3:30 | Crear | Villager (Male) |
| 3:53 | Construir | House |
| 4:08 | Crear | Villager (Male) |
| 4:08 | Crear | Villager (Male) |
| 4:08 | Crear | Villager (Male) |
| 4:11 | Crear | Villager (Male) |
| 4:11 | Crear | Villager (Male) |
| 4:12 | Crear | Villager (Male) |
| 4:37 | Construir | Dock |
| 4:44 | Construir | Palisade Wall |
| 5:01 | Crear | Villager (Male) |
| 5:01 | Crear | Villager (Male) |
| 5:01 | Crear | Villager (Male) |
| 5:02 | Crear | Villager (Male) |
| 5:02 | Crear | Villager (Male) |
| 5:02 | Crear | Villager (Male) |
| 5:22 | Construir | House |
| 6:27 | Construir | Barracks |
| 6:33 | Construir | Palisade Wall |
| 6:40 | Crear | Villager (Male) |
| 7:03 | Crear | Fishing Ship |
| 7:07 | Investigar | Loom |
| 7:08 | Investigar | Loom |
| 7:32 | Investigar | Feudal Age |
| 7:32 | Investigar | Feudal Age |
| 7:32 | Investigar | Feudal Age |
| 7:44 | Crear | Militia |
| 7:47 | Construir | Mining Camp |
| 8:02 | Crear | Militia |
| 8:02 | Crear | Militia |
| 8:28 | Construir | House |
| 8:31 | Crear | Militia |
| 8:32 | Crear | Militia |
| 9:10 | Crear | Fishing Ship |
| 9:11 | Crear | Fishing Ship |
| 9:20 | Construir | Palisade Wall |
| 9:24 | Construir | Palisade Wall |
| 9:42 | Edad | Edad Feudal |
| 9:46 | Investigar | Man-at-Arms (upgrade) |
| 11:03 | Construir | Watch Tower |
| 11:06 | Construir | Archery Range |
| 11:12 | Crear | Villager (Male) |
| 11:16 | Construir | Archery Range |
| 11:21 | Crear | Villager (Male) |
| 11:25 | Investigar | Double-Bit Axe |
| 11:25 | Investigar | Double-Bit Axe |
| 11:25 | Investigar | Double-Bit Axe |
| 11:48 | Crear | Archer |
| 11:48 | Crear | Archer |
| 11:53 | Crear | Villager (Male) |
| 12:01 | Crear | Fishing Ship |
| 12:30 | Crear | Archer |
| 12:30 | Crear | Archer |
| 13:12 | Construir | House |
| 13:18 | Crear | Villager (Male) |
| 13:20 | Construir | Blacksmith |
| 13:21 | Construir | House |
| 13:35 | Construir | Palisade Wall |
| 13:37 | Construir | Palisade Wall |
| 13:38 | Construir | Palisade Wall |
| 13:51 | Crear | Villager (Male) |
| 13:55 | Construir | House |
| 13:56 | Construir | House |
| 14:03 | Crear | Archer |
| 14:03 | Crear | Archer |
| 14:15 | Construir | Mill |
| 14:17 | Investigar | Fletching |
| 14:17 | Investigar | Fletching |
| 14:17 | Investigar | Fletching |
| 14:30 | Construir | House |
| 14:39 | Construir | Palisade Wall |
| 14:41 | Construir | Palisade Wall |
| 14:43 | Construir | Palisade Wall |
| 14:44 | Construir | Palisade Wall |
| 15:13 | Crear | Villager (Male) |
| 15:16 | Construir | Farm |
| 15:17 | Construir | Farm |
| 15:38 | Crear | Villager (Male) |
| 15:44 | Crear | Fishing Ship |
| 15:47 | Construir | Farm |
| 15:48 | Construir | Farm |
| 15:49 | Construir | Farm |
| 15:50 | Crear | Villager (Male) |
| 16:01 | Crear | Archer |
| 16:07 | Crear | Archer |
| 16:08 | Crear | Archer |
| 16:27 | Crear | Villager (Male) |
| 16:36 | Crear | Fishing Ship |
| 16:38 | Crear | Villager (Male) |
| 17:14 | Crear | Villager (Male) |
| 17:25 | Crear | Villager (Male) |
| 17:40 | Construir | Market |
| 18:04 | Construir | Watch Tower |
| 18:12 | Construir | Farm |
| 18:33 | Construir | Watch Tower |
| 18:46 | Investigar | Castle Age |
| 18:46 | Investigar | Castle Age |
| 18:46 | Investigar | Castle Age |
| 19:46 | Construir | House |
| 20:01 | Construir | Dock |
| 20:03 | Construir | Palisade Wall |
| 20:12 | Construir | Stone Wall |
| 20:13 | Construir | Stone Wall |
| 20:14 | Construir | Stone Wall |
| 20:15 | Construir | Stone Wall |
| 20:26 | Construir | Stable |
| 21:19 | Investigar | Horse Collar |
| 21:26 | Edad | Edad de los Castillos |
| 21:33 | Investigar | Crossbowman (upgrade) |
| 21:34 | Investigar | Crossbowman (upgrade) |
| 21:37 | Investigar | War Galley (upgrade) |
| 21:38 | Investigar | War Galley (upgrade) |
| 21:43 | Crear | Unit 2626 |
| 21:43 | Crear | Unit 2626 |
| 21:44 | Crear | Unit 2626 |
| 21:44 | Crear | Unit 2626 |
| 21:49 | Crear | Villager (Male) |
| 21:50 | Crear | Villager (Male) |
| 22:33 | Construir | Outpost |
| 23:03 | Construir | Town Center |
| 23:29 | Construir | Outpost |
| 23:41 | Construir | Palisade Wall |
| 23:52 | Construir | Lumber Camp |
| 23:54 | Crear | Villager (Male) |
| 23:54 | Crear | Villager (Male) |
| 24:07 | Construir | Watch Tower |
| 24:39 | Construir | Palisade Wall |
| 24:50 | Crear | Villager (Male) |
| 25:09 | Crear | Knight |
Build order — Dudulastar
Primeras 150 de 301 acciones detectadas
| 0:01 | Investigar | Loom |
| 0:01 | Crear | Villager (Male) |
| 0:02 | Crear | Villager (Male) |
| 0:02 | Construir | House |
| 0:03 | Construir | House |
| 0:17 | Crear | Villager (Male) |
| 0:18 | Crear | Villager (Male) |
| 1:36 | Crear | Villager (Male) |
| 1:36 | Crear | Villager (Male) |
| 1:55 | Crear | Villager (Male) |
| 1:55 | Crear | Villager (Male) |
| 1:56 | Crear | Villager (Male) |
| 2:13 | Construir | Lumber Camp |
| 2:19 | Crear | Villager (Male) |
| 2:19 | Crear | Villager (Male) |
| 2:37 | Crear | Villager (Male) |
| 2:37 | Crear | Villager (Male) |
| 2:37 | Crear | Villager (Male) |
| 2:50 | Crear | Villager (Male) |
| 2:50 | Crear | Villager (Male) |
| 3:40 | Crear | Villager (Male) |
| 3:40 | Crear | Villager (Male) |
| 3:46 | Construir | House |
| 3:54 | Crear | Villager (Male) |
| 3:54 | Crear | Villager (Male) |
| 3:54 | Crear | Villager (Male) |
| 4:04 | Crear | Villager (Male) |
| 4:04 | Crear | Villager (Male) |
| 4:25 | Construir | Dock |
| 4:52 | Crear | Villager (Male) |
| 4:52 | Crear | Villager (Male) |
| 4:52 | Crear | Villager (Male) |
| 5:07 | Crear | Fishing Ship |
| 5:08 | Crear | Fishing Ship |
| 5:10 | Crear | Villager (Male) |
| 5:11 | Crear | Villager (Male) |
| 5:11 | Crear | Villager (Male) |
| 5:11 | Crear | Villager (Male) |
| 5:39 | Construir | House |
| 6:02 | Crear | Villager (Male) |
| 6:03 | Crear | Fishing Ship |
| 6:04 | Crear | Fishing Ship |
| 6:14 | Construir | House |
| 6:27 | Crear | Villager (Male) |
| 7:02 | Crear | Villager (Male) |
| 7:06 | Crear | Fishing Ship |
| 7:06 | Crear | Fishing Ship |
| 7:39 | Investigar | Feudal Age |
| 7:39 | Investigar | Feudal Age |
| 8:01 | Construir | Mining Camp |
| 8:06 | Construir | House |
| 8:08 | Construir | Palisade Wall |
| 8:16 | Construir | Palisade Wall |
| 8:17 | Construir | Palisade Wall |
| 8:18 | Construir | Palisade Wall |
| 8:22 | Crear | Villager (Male) |
| 8:28 | Crear | Fishing Ship |
| 9:28 | Construir | House |
| 9:36 | Construir | Barracks |
| 9:43 | Crear | Villager (Male) |
| 9:48 | Edad | Edad Feudal |
| 10:00 | Crear | Galley |
| 10:11 | Construir | Palisade Wall |
| 10:15 | Construir | House |
| 10:18 | Construir | House |
| 10:25 | Construir | House |
| 10:28 | Construir | Palisade Wall |
| 10:29 | Construir | Palisade Wall |
| 10:33 | Construir | House |
| 10:37 | Construir | House |
| 10:58 | Construir | House |
| 11:18 | Crear | Villager (Male) |
| 11:18 | Crear | Villager (Male) |
| 11:18 | Crear | Villager (Male) |
| 11:29 | Construir | Archery Range |
| 11:30 | Construir | House |
| 11:34 | Crear | Villager (Male) |
| 11:48 | Crear | Fishing Ship |
| 11:49 | Crear | Fishing Ship |
| 11:56 | Crear | Villager (Male) |
| 12:25 | Construir | Watch Tower |
| 12:38 | Crear | Eagle Scout |
| 12:42 | Crear | Archer |
| 12:42 | Crear | Archer |
| 13:17 | Crear | Villager (Male) |
| 13:17 | Crear | Villager (Male) |
| 13:27 | Crear | Eagle Scout |
| 13:47 | Crear | Archer |
| 13:48 | Crear | Archer |
| 13:53 | Construir | Blacksmith |
| 13:59 | Crear | Villager (Male) |
| 13:59 | Crear | Villager (Male) |
| 13:59 | Crear | Villager (Male) |
| 13:59 | Crear | Villager (Male) |
| 13:59 | Crear | Villager (Male) |
| 14:00 | Crear | Villager (Male) |
| 14:00 | Crear | Villager (Male) |
| 14:00 | Crear | Villager (Male) |
| 14:00 | Crear | Villager (Male) |
| 14:00 | Crear | Villager (Male) |
| 14:01 | Crear | Villager (Male) |
| 14:01 | Crear | Villager (Male) |
| 14:13 | Construir | Watch Tower |
| 15:13 | Crear | Villager (Male) |
| 15:14 | Crear | Villager (Male) |
| 15:18 | Crear | Fishing Ship ×5 |
| 15:22 | Construir | House |
| 15:51 | Construir | House |
| 16:45 | Investigar | Castle Age |
| 16:46 | Investigar | Castle Age |
| 17:03 | Construir | Barracks |
| 17:04 | Construir | House |
| 17:32 | Investigar | Fletching |
| 17:34 | Investigar | Scale Mail Armor |
| 17:43 | Construir | Barracks |
| 17:55 | Crear | Villager (Male) |
| 17:59 | Crear | Villager (Male) |
| 18:13 | Crear | Eagle Scout |
| 18:13 | Crear | Eagle Scout |
| 18:25 | Crear | Fishing Ship |
| 18:52 | Investigar | Forging |
| 19:22 | Crear | Eagle Scout ×4 |
| 19:22 | Crear | Eagle Scout ×4 |
| 19:25 | Edad | Edad de los Castillos |
| 19:37 | Construir | Dock |
| 19:44 | Investigar | Chain Mail Armor |
| 19:45 | Investigar | Chain Mail Armor |
| 19:57 | Construir | Mill |
| 20:02 | Crear | Eagle Scout ×2 |
| 20:02 | Crear | Eagle Scout ×2 |
| 20:05 | Construir | House |
| 20:06 | Construir | House |
| 20:40 | Crear | Villager (Male) |
| 20:41 | Crear | Villager (Male) |
| 20:47 | Construir | Market |
| 21:13 | Investigar | Forging |
| 21:17 | Investigar | Eagle Warrior (upgrade) |
| 21:23 | Investigar | Squires |
| 21:25 | Crear | Eagle Scout ×5 |
| 21:25 | Crear | Eagle Scout ×5 |
| 21:31 | Crear | Villager (Male) |
| 21:38 | Construir | Siege Workshop |
| 22:08 | Crear | Mangonel |
| 22:36 | Crear | Villager (Male) |
| 22:37 | Crear | Villager (Male) |
| 22:53 | Construir | Town Center |
| 23:04 | Crear | Mangonel |
| 23:05 | Crear | Villager (Male) |
| 23:42 | Construir | Dock |
| 23:46 | Crear | Galley |
Cronología de la partida
| 4:25 | Dudulastar · first_building Dock |
| 4:37 | VNS__Pan · first_building Dock |
| 4:44 | VNS__Pan · wall_segment Palisade Wall x1 |
| 6:27 | VNS__Pan · first_building Barracks |
| 6:33 | VNS__Pan · wall_segment Palisade Wall x1 |
| 8:08 | Dudulastar · wall_segment Palisade Wall x3 |
| 8:16 | Dudulastar · wall_segment Palisade Wall x1 |
| 8:17 | Dudulastar · wall_segment Palisade Wall x1 |
| 8:18 | Dudulastar · wall_segment Palisade Wall x1 |
| 9:20 | VNS__Pan · wall_segment Palisade Wall x1 |
| 9:24 | VNS__Pan · wall_segment Palisade Wall x1 |
| 9:36 | Dudulastar · first_building Barracks |
| 9:42 | VNS__Pan · age_up feudal |
| 9:48 | Dudulastar · age_up feudal |
| 10:11 | Dudulastar · wall_segment Palisade Wall x1 |
| 10:28 | Dudulastar · wall_segment Palisade Wall x1 |
| 10:29 | Dudulastar · wall_segment Palisade Wall x1 |
| 11:06 | VNS__Pan · first_building Archery Range |
| 11:29 | Dudulastar · first_building Archery Range |
| 13:35 | VNS__Pan · wall_segment Palisade Wall x1 |
| 13:37 | VNS__Pan · wall_segment Palisade Wall x1 |
| 13:38 | VNS__Pan · wall_segment Palisade Wall x1 |
| 14:39 | VNS__Pan · wall_segment Palisade Wall x1 |
| 14:41 | VNS__Pan · wall_segment Palisade Wall x1 |
| 14:43 | VNS__Pan · wall_segment Palisade Wall x1 |
| 14:44 | VNS__Pan · wall_segment Palisade Wall x1 |
| 19:25 | Dudulastar · age_up castle |
| 20:03 | VNS__Pan · wall_segment Palisade Wall x1 |
| 20:12 | VNS__Pan · wall_segment Stone Wall x1 |
| 20:13 | VNS__Pan · wall_segment Stone Wall x1 |
| 20:14 | VNS__Pan · wall_segment Stone Wall x1 |
| 20:15 | VNS__Pan · wall_segment Stone Wall x1 |
| 20:26 | VNS__Pan · first_building Stable |
| 21:26 | VNS__Pan · age_up castle |
| 21:38 | Dudulastar · first_building Siege Workshop |
| 22:42 | Dudulastar · first_market_sell 100 wood |
| 22:44 | Dudulastar · first_market_buy 100 wood |
| 23:05 | VNS__Pan · first_market_sell 100 food |
| 23:07 | VNS__Pan · first_market_buy 100 stone |
| 23:41 | VNS__Pan · wall_segment Palisade Wall x1 |
| 24:39 | VNS__Pan · wall_segment Palisade Wall x1 |
| 25:42 | VNS__Pan · wall_segment Palisade Wall x1 |
| 25:43 | VNS__Pan · wall_segment Palisade Wall x1 |
| 25:45 | VNS__Pan · wall_segment Palisade Wall x1 |
| 28:27 | Dudulastar · first_building Monastery |
| 29:34 | VNS__Pan · wall_segment Stone Wall x1 |
| 29:35 | VNS__Pan · wall_segment Stone Wall x1 |
| 34:18 | VNS__Pan · first_building Castle |
| 34:32 | VNS__Pan · first_building Siege Workshop |
| 37:20 | Dudulastar · first_building Castle |
| 39:21 | Dudulastar · age_up imperial |
| 41:55 | VNS__Pan · age_up imperial |
| 44:23 | VNS__Pan · resign |
[ ANÁLISIS IA · 1 CRÉDITO ]
¿Qué pasó realmente en esta partida?
Wolo.gg analiza cada decisión: build order, eco, micro, errores típicos por bracket. Análisis personalizado por WhatsApp o Discord en 30 segundos.
Guía civ
Japoneses
Perfil
VNS__Pan